 Dungeon Crawl Stone Soup version 0.30-a0-743-gbfdf073431 (webtiles) character file.

Game seed: 16534913749576182671

26 Majang the Chopper (level 3, -6/23 HPs)
             Began as a Tengu Berserker on Feb 8, 2023.
             Was a Follower of Trog.
             Killed from afar by Sigmund (8 damage)
             ... with a puff of flame
             ... on level 2 of the Dungeon.
             The game lasted 00:01:43 (526 turns).

Majang the Chopper (Tengu Berserker)                 Turns: 526, Time: 00:01:44

Health: -6/23      AC:  6    Str: 19    XL:     3   Next: 8%
Magic:  4/4        EV: 10    Int:  7    God:    Trog [*.....]
Gold:   42         SH:  0    Dex: 13    Spells: 2/2 levels left

rFire   . . .      SeeInvis .    a - +0 hand axe
rCold   + . .      Faith    .    (no shield)
rNeg    . . .      Spirit   .    e - +0 scale mail
rPois   .          Reflect  .    (helmet restricted)
rElec   .          Harm     .    (no cloak)
rCorr   .          Rampage  .    (no gloves)
Will    .....                    (boots unavailable) Stlth
                                 g - amulet of the acrobat
HPRegen 0.23/turn                h - ring of protection from cold
MPRegen 0.09/turn                (no ring)

@: no status effects
A: beak, talons 3
a: Renounce Religion, Berserk


You were on level 2 of the Dungeon.
You worshipped Trog.
Trog was aware of your devotion.
You visited 1 branch of the dungeon, and saw 2 of its levels.

You collected 42 gold pieces.

Inventory:

Hand Weapons
 a - a +0 hand axe (weapon)
Armour
 b - a +0 animal skin
 e - a +0 scale mail (worn)
Jewellery
 g - an amulet of the acrobat (around neck)
 h - a ring of protection from cold (left hand)
Scrolls
 d - a scroll of identify {unknown}
 f - a scroll of summoning {unknown}
 i - a scroll of enchant weapon {unknown}
Potions
 c - a potion of degeneration {unknown}


   Skills:
 + Level 3.3 Fighting
 * Level 4.2 Axes
 - Level 2.1 Armour
 - Level 2.1 Dodging


You had 2 spell levels left.
You didn't know any spells.
Your spell library was empty.

Dungeon Overview and Level Annotations

Branches:
Dungeon (2/15)

Altars:

Annotations:
D:2 Sigmund


Innate Abilities, Weirdness & Mutations

You have a beak for a mouth.
You have claws for feet.


Message History

The frilled lizard closely misses you. Sigmund gestures at you while chanting.
The magic dart hits you!
There is a stone staircase leading up, spattered with blood here.
The frilled lizard barely misses you.
You climb upwards.
There is a stone staircase leading down here.
You hit the frilled lizard.
You kill the frilled lizard!
Trog accepts your kill.
You start resting.
HP restored.
You climb downwards.
Level annotation: Sigmund Sigmund casts a spell at you.
You are confused.
Sigmund gestures wildly while chanting.
Sigmund flickers and vanishes!
Deactivating autopickup; reactivate with Ctrl-A.
There is a stone staircase leading up, spattered with blood here.
You hear some strange, mumbled words.
You are more confused.
In your confused state, you trip and fall back down the stairs.
Something hits you.
In your confused state, you trip and fall back down the stairs.
Something hits you.
In your confused state, you trip and fall back down the stairs.
Something hits you but does no damage.
In your confused state, you trip and fall back down the stairs.
Something hits you!
* * * LOW HITPOINT WARNING * * *
Something hits you.
* * * LOW HITPOINT WARNING * * *
In your confused state, you trip and fall back down the stairs.
* * * LOW HITPOINT WARNING * * *
You feel less confused.
You hear some strange, mumbled words.
A puff of flame appears from out of thin air!
The puff of flame hits you!
You die...

#########
#.@.....#
#..†....#
#..{..$.#
#..!....#
#..........
#........!.
#........P.
..........P
..#.##......


There were no monsters in sight!

Vanquished Creatures
  2 dart slugs (D:1)
  4 ball pythons (D:1)
  2 bats (D:1)
  2 endoplasms (D:1)
  2 giant cockroaches
  A hobgoblin (D:1)
  2 kobolds (D:1)
  A quokka (D:1)
  2 frilled lizards (D:1)
  2 goblins (D:1)
  A rat (D:1)
21 creatures vanquished.

Notes
Turn   | Place    | Note
-------+----------+-------------------------------------------
     0 | D:1      | Majang the Tengu Berserker began the quest for the Orb.
     0 | D:1      | Reached XP level 1. HP: 14/14 MP: 2/2
   136 | D:1      | Reached XP level 2. HP: 15/19 MP: 3/3
   221 | D:1      | Reached skill level 4 in Axes
   436 | D:1      | Reached XP level 3. HP: 23/23 MP: 4/4
   464 | D:2      | Noticed Sigmund
   525 | D:2      | HP: 1/23 [fell downstairs (1)]
   526 | D:2      | Killed from afar by Sigmund

Illustrated notes

Levels and vault maps discovered:
D:1:      mainiacjoe_arrival_reflecting_pool, layout_basic
D:2:      layout_basic, serial_forest, infiniplex_forest_clump_diagonal,
          infiniplex_forest_clump_C, infiniplex_forest_lined_2,
          infiniplex_forest_straight_3, basic_altar,
          dreamdust_mushroom_princess, uniq_crazy_yiuf_cottage, uniq_sigmund

Skill      XL: |  1  2 |
---------------+-------+-----
Axes           | 4 |  4.2
Fighting       | |  3.3
Armour         | |  2.1
Dodging        | |  2.1

Action                     || total
---------------------------++-------
  Melee: Hand axe          ||    35
         Kick              ||    11
         Peck              ||     4
 Armour: Animal skin       ||     3
         Scale mail        ||     5
  Dodge: Dodged            ||    18

Table legend: (Time is in decaauts)
 A = Elapsed time spent in this place.
 B = Non-inter-level travel time spent in this place.
 C = Inter-level travel time spent in this place.
 D = Time resting spent in this place.
 E = Time spent auto-exploring this place.
 F = Levels seen in this place.
 G = Mean time per level.
                   A        B        C        D        E       F      G
               +--------+--------+--------+--------+--------+-----+--------+
         Total |    531 |    522 |      9 |     71 |    301 |   2 |  265.5 |
       Dungeon |    531 |    522 |      9 |     71 |    301 |   2 |  265.5 |
               +--------+--------+--------+--------+--------+-----+--------+

Top non-repeatable levels by time:
     D:1: 506 daAuts
     D:2: 25 daAuts
